 Dungeon Crawl Stone Soup version 0.29.1-1-gd02db6906a (webtiles) character file.

Game seed: 15014940097134700279

81 NinjaNoafa the Digger (level 4, 0/24 HPs)
             Began as a Deep Elf Earth Elementalist on Oct 10, 2022.
             Slain by a goblin
             ... wielding a +0 club
             ... led by Robin
              (5 damage)
             ... on level 3 of the Dungeon.
             The game lasted 00:05:25 (1827 turns).

NinjaNoafa the Digger (Deep Elf Earth Elementalist) Turns: 1827, Time: 00:05:26

Health: 0/24       AC:  2    Str:  5    XL:     4   Next: 19%
Magic:  0/10       EV: 12    Int: 22    God:
Gold:   138        SH:  0    Dex: 15    Spells: 6/9 levels left

rFire   . . .      SeeInvis +   p - +0 short sword
rCold   . . .      Faith    .   (no shield)
rNeg    . . .      Spirit   +   a - +0 robe
rPois   .          Reflect  .   (no helmet)
rElec   .          Harm     .   (no cloak)
rCorr   .          Rampage  .   (no gloves)
Will    .....                   (no boots)
Stlth   ++........              i - amulet of guardian spirit
HPRegen 0.08/turn               k - ring of see invisible
MPRegen 0.12/turn               n - ring of flight

@: flying
A: no striking features
a: no special abilities


You were on level 3 of the Dungeon.
You visited 1 branch of the dungeon, and saw 3 of its levels.

You collected 138 gold pieces.

Inventory:

Hand Weapons
 p - a +0 short sword (weapon)
Missiles
 c - 27 stones
 m - 6 poisoned darts
Armour
 a - a +0 robe (worn)
Jewellery
 i - an amulet of guardian spirit (around neck)
 k - a ring of see invisible (left hand)
 n - a ring of flight (right hand)
Scrolls
 e - a scroll of identify
 l - a scroll of magic mapping {unknown}
 o - a scroll of fear {unknown}
Potions
 b - 2 potions of magic
 d - a potion of might {unknown}
 h - 2 potions of flight {unknown}
 j - 2 potions of attraction {unknown}


   Skills:
 - Level 2.4 Dodging
 - Level 2.4 Stealth
 - Level 3.0 Spellcasting
 + Level 1.4 Conjurations
 - Level 2.0 Transmutations
 - Level 5.0 Earth Magic


You had 6 spell levels left.
You knew the following spells:

 Your Spells              Type           Power      Damage    Failure   Level
a - Sandblast             Erth           50%        2d12      1%          1
b - Passwall              Tmut/Erth      15%        N/A       4%          2

Your spell library contained the following spells:

 Spells                   Type           Power      Damage    Failure   Level
 Stone Arrow              Conj/Erth      34%        3d9       10%         3
 Conjure Flame            Conj/Fire      6%         6-21      28%         3
 Ignite Poison            Fire/Tmut/Pois 6%         N/A       28%         3
 Petrify                  Tmut/Erth      18%        N/A       28%         4
 Sticky Flame             Conj/Fire      6%         2d3       67%         4


Dungeon Overview and Level Annotations

Branches:
Dungeon (3/15)

Altars:
Zin

Shops:
D:2 [=(

Annotations:
D:3 Robin


Message History

The goblin unwields a +0 club.
The goblin wields a +0 sling.
The goblin shoots a sling bullet.
The sling bullet closely misses you.
A goblin comes into view. It is wielding a +0 club.
The goblin shoots a sling bullet.
The sling bullet hits you but does no damage.
The goblin shoots a sling bullet.
The sling bullet barely misses you.
The goblin shoots a sling bullet.
The sling bullet barely misses you.
The goblin shoots a sling bullet.
The sling bullet hits you.
Robin roars a battlecry!
The goblins go into a battle-frenzy!
A goblin comes into view. It is wielding a +0 club.
You hear a shout!
You hear a shout!
The goblin shoots a sling bullet.
The sling bullet misses you. Robin throws the goblin at you!
The goblin completely misses you.
You hear a shout!
As you read the scroll labelled GORHYLOIGEL, it crumbles to dust.
It is a scroll of identify.
f - a scroll of poison Robin's bangles clink loudly.
The goblin hits you with a +0 club.
* * * LOW HITPOINT WARNING * * *
Really read the scroll of poison?
The air fills with toxic fumes!
As you read the scroll of poison, it crumbles to dust.
The goblin shoots a sling bullet.
The sling bullet hits you but does no damage.
The goblin closely misses you.
Blink to where?
Press: ? - help, Dir - move target Are you sure you want to cancel this blink? [Y]es or [N]o only, please.
Are you sure you want to cancel this blink?
Okay, then.
As you read the scroll labelled BUD LOIR PUENUNI, it crumbles to dust.
It was a scroll of blinking.
The goblin shoots a sling bullet.
The sling bullet closely misses you. Robin throws the goblin at you!
* * * LOW HITPOINT WARNING * * *
The goblin hits you with a +0 club.
You die...

......##.#$#...# #
...?...#>#.#§§§# .# ≈.
...........#§§§##. ##.§.#
...#.....§.#.§§§. #.§§!#
.........§§#.#§§#####§§§.###
.........§§§§#§§#§§§§§§§...#
..##.....§.#§§§§#§§§§§§§...#
..##.....§§§§#§§§g§§§§§§...#
.. #.....§§§§§§g@§§g§§§§...#
#. ##.####§§§§§##§§§§§§§...#
#..##....§§§§§###§g§§§§§...#
.........§§§### #§§§§§§§...#
##+###...§§.# #§§§g§§§...#
#...§..# #§§§§§.§§..#
#......# ######g§g#.#
###......# §#.#.# ###......#
.#.# #


You could see Robin, a hobgoblin (strong) and 4 goblins.

Vanquished Creatures
  Natasha (D:3)
  An adder (D:3)
  A worm (D:2)
  2 dart slugs (D:2)
  3 endoplasms
  4 giant cockroaches
  2 goblins (D:1)
  6 hobgoblins
  3 kobolds
  3 quokkas
  6 ball pythons
  3 frilled lizards
  4 rats
39 creatures vanquished.

Notes
Turn   | Place    | Note
-------+----------+-------------------------------------------
     0 | D:1      | NinjaNoafa the Deep Elf Earth Elementalist began the quest
                  | for the Orb.
     0 | D:1      | Reached XP level 1. HP: 10/10 MP: 6/6
     6 | D:1      | Noticed a seven-headed hydra
     7 | D:1      | Noticed a snapping turtle
     7 | D:1      | Noticed a water moccasin
   256 | D:1      | Reached XP level 2. HP: 15/15 MP: 5/8
   288 | D:1      | Reached skill level 4 in Earth Magic
   669 | D:2      | Found Esaew's Armour Boutique.
  1023 | D:2      | Found Cegeuvun's Weapon Emporium.
  1113 | D:2      | Reached XP level 3. HP: 19/19 MP: 6/9
  1116 | D:2      | Learned a level 2 spell: Passwall
  1191 | D:2      | Found Kialinee's Jewellery Boutique.
  1698 | D:3      | Noticed Natasha
  1702 | D:3      | Killed Natasha
  1703 | D:3      | Reached skill level 5 in Earth Magic
  1703 | D:3      | Reached XP level 4. HP: 24/24 MP: 8/10
  1729 | D:3      | Reached skill level 1 in Conjurations
  1805 | D:3      | Found a glowing silver altar of Zin.
  1818 | D:3      | Noticed Robin
  1827 | D:3      | Slain by a goblin

Illustrated notes

Levels and vault maps discovered:
D:1:      onia_arrival_zoo_common, layout_rooms, minmay_crystal_water
D:2:      layout_loops_ring, serial_shops, shop, nicolae_shop_crystal, shop
D:3:      layout_rooms, mainiacjoe_overflow_six_doors_small,
          lemuel_doored_altar, mainiacjoe_overflow_boulevard,
          shapermc_ecumenical_altar_starsandcircs, serial_bayou_lake_a,
          uniq_natasha, uniq_robin

Skill      XL: |  1  2  3  4 |
---------------+-------------+-----
Earth Magic    | 4 5 |  5.0
Transmutations | 2 |  2.0
Conjurations   | 1 |  1.4
Dodging        | |  2.4
Stealth        | |  2.4
Spellcasting   | |  3.0

Action                   |  1- 3 |  4- 6 || total
-------------------------+-------+-------++-------
 Cast: Sandblast         |    52 |     7 ||    59
  Use: Scroll            |       |     3 ||     3
Armor: Robe              |     7 |     2 ||     9
Dodge: Dodged            |    14 |    15 ||    29
